 Dungeon Crawl Stone Soup version 0.29.1-15-g9cfb28693d (webtiles) character file.

Game seed: 12588667196291009546

152646 Peloso the Fencer (level 17, -5/163 HPs)
             Began as a Minotaur Fighter on Apr 28, 2023.
             Was the Champion of Okawaru.
             Slain by a spark wasp (15 damage)
             ... on level 1 of the Spider Nest.
             The game lasted 01:25:24 (47831 turns).

Peloso the Fencer (Minotaur Fighter)               Turns: 47831, Time: 01:25:24

Health: -5/163     AC: 43    Str: 28    XL:     17   Next: 3%
Magic:  18/18      EV:  8    Int:  5    God:    Okawaru [******]
Gold:   2816       SH: 13    Dex: 11    Spells: 16/16 levels left

rFire   + . .      SeeInvis .   b - +3 scimitar (flame)
rCold   . . .      Faith    .   d - +0 kite shield {rPois}
rNeg    + + +      Spirit   .   Q - +3 crystal plate armour of Itorph {rN++ Will+++ Dex-3 Stlth+}
rPois   +          Reflect  .   X - +2 hat {Stlth+}
rElec   .          Harm     .   D - +2 cloak
rCorr   +          Rampage  .   C - +0 pair of gloves {Str+3}
Will    ++++.                   S - +1 pair of boots "Canysat" {rF+ rC- rN+ rCorr}
Stlth   ..........              (no amulet)
HPRegen 0.37/turn               x - ring of protection from cold
MPRegen 0.16/turn               i - +4 ring of protection

@: no status effects
A: horns 2, retaliatory headbutt
a: Renounce Religion, Heroism, Finesse, Duel


You were on level 1 of the Spider Nest.
You worshipped Okawaru.
Okawaru was exalted by your worship.
You visited 6 branches of the dungeon, and saw 26 of its levels.
You also visited: Sewer and Ice Cave.

You collected 2816 gold pieces.

Inventory:

Hand Weapons
 a - a +3 scimitar of freezing
 b - a +3 scimitar of flaming (weapon)
 c - the +0 demon blade "Gibraet" {pain, rF+ Int-4 Dex+2 Stlth+}
   (Okawaru gifted it to you on level 11 of the Dungeon)

   In the hands of one skilled in necromantic magic, it inflicts extra damage on
   living creatures.
   Int:       It affects your intelligence (-4).
   Dex:       It affects your dexterity (+2).
   rF:        It protects you from fire.
   Stlth:     It makes you more stealthy.
Armour
 d - a +0 kite shield of poison resistance (worn)
 C - a +0 pair of gloves of strength (worn)
 D - a +2 cloak (worn)
 Q - the +3 crystal plate armour of Itorph (worn) {rN++ Will+++ Dex-3 Stlth+}
   (Okawaru gifted it to you on level 10 of the Dungeon)

   Dex:       It affects your dexterity (-3).
   rN:        It greatly protects you from negative energy.
   Will:      It greatly increases your willpower.
   Stlth:     It makes you more stealthy.
 S - the +1 pair of boots "Canysat" (worn) {rF+ rC- rN+ rCorr}
   (You found it on level 2 of the Lair of Beasts)

   rF:        It protects you from fire.
   rC:        It makes you vulnerable to cold.
   rN:        It protects you from negative energy.
   rCorr:     It protects you from acid and corrosion.
 X - a +2 hat of stealth (worn)
Jewellery
 f - an amulet of magic regeneration
 g - a ring of protection from fire
 i - a +4 ring of protection (right hand)
 m - a +6 ring of dexterity
 x - a ring of protection from cold (left hand)
 A - an amulet of reflection
 K - a ring of poison resistance
 W - a ring of willpower
Wands
 l - a wand of iceblast (11)
 J - a wand of digging (1)
Scrolls
 e - 4 scrolls of identify
 k - a scroll of silence
 n - a scroll of poison
 o - 4 scrolls of fear
 u - a scroll of acquirement
 w - 10 scrolls of teleportation
 M - 4 scrolls of immolation
Potions
 j - 4 potions of flight
 p - 6 potions of might
 q - 2 potions of mutation
 r - 6 potions of curing
 F - a potion of invisibility
Miscellaneous
 h - a box of beasts


   Skills:
 + Level 18.1 Fighting
 + Level 19.9 Long Blades
 + Level 2.6 Polearms
 + Level 18.2 Armour
 + Level 7.1 Dodging
 + Level 3.5 Stealth
 + Level 16.3 Shields
 + Level 0.1 Unarmed Combat
 + Level 3.0 Invocations
 + Level 1.2 Evocations


You had 16 spell levels left.
You didn't know any spells.
Your spell library contained the following spells:

 Spells                   Type           Power      Damage    Failure   Level
 Apportation              Tloc           0%         N/A       100%        1
 Foxfire                  Conj/Fire      0%         2x1d4     100%        1
 Blink                    Tloc           0%         N/A       100%        2
 Confusing Touch          Hex            0%         N/A       100%        3
 Conjure Flame            Conj/Fire      0%         6-21      100%        3
 Inner Flame              Hex/Fire       0%         N/A       100%        3
 Lesser Beckoning         Tloc           0%         N/A       100%        3
 Portal Projectile        Hex/Tloc       0%         N/A       100%        3
 Flame Wave               Conj/Fire      0%         2d4       100%        4
 Leda's Liquefaction      Hex/Erth       0%         N/A       100%        4
 Passage of Golubria      Tloc           0%         N/A       100%        4
 Alistair's Intoxication  Tmut/Pois      0%         N/A       100%        5
 Lee's Rapid Deconstruct  Erth           0%         3d5*      100%        5
 Manifold Assault         Tloc           0%         N/A       100%        5
 Yara's Violent Unravell  Hex/Tmut       0%         3d3       100%        5
 Statue Form              Tmut/Erth      0%         N/A       100%        6
 Enfeeble                 Hex            0%         N/A       100%        7
 Call Canine Familiar     Summ           Unusable   N/A       N/A         3
 Tukima's Dance           Hex            Unusable   N/A       N/A         3

Dungeon Overview and Level Annotations

Branches:
Dungeon (15/15)            Temple (1/1) D:4            Lair (5/5) D:8
 Shoals (0/4) Lair:3       Spider (1/4) Lair:2        Slime (0/5) Lair:4
    Orc (2/2) D:12            Elf (2/3) Orc:2        Vaults (0/5) D:13
 Depths (0/4) D:15          Sewer (visited)           IceCv (visited)

Altars:
Ashenzari
Dithmenos
Elyvilon
Fedhas
Nemelex Xobeh
Okawaru
Qazlal
Wu Jian
Xom
Zin
The Shining One
Jiyva

Shops:
D:10 :   D:11 *   Orc:2 =(**   Elf:1 ?   Elf:2 :*

Portals:
Pandemonium: Orc:2
Trove: D:15 (show abyssal rune of Zot)

Annotations:
Lair:4 Casa
Elf:2 3 runed translucent doors


Innate Abilities, Weirdness & Mutations

You have a pair of horns on your head.
You reflexively headbutt those who attack you in melee.


Message History

The spark wasp stings you but does no damage.
Unknown command.
You hit the spark wasp but do no damage.
Your headbutt misses the spark wasp.
The spark wasp is almost dead.
You block the spark wasp's attack.
The spark wasp stings you but does no damage.
You block the spark wasp's attack.
Unknown command.
You hit the spark wasp. You burn the spark wasp.
You headbutt the spark wasp, but do no damage.
The spark wasp is almost dead.
The spark wasp bursts into living lightning!
The living lightning hits you!
* * * LOW HITPOINT WARNING * * *
The spark wasp blinks!
You block the spark wasp's attack.
Found a book of Maledictions.
You block the spark wasp's attack.
Unknown command.
You completely miss the spark wasp.
You headbutt the spark wasp, but do no damage.
The spark wasp stings you!
* * * LOW HITPOINT WARNING * * *
The spark wasp shocks you!
* * * LOW HITPOINT WARNING * * *
Unknown command.
You miss the spark wasp.
The spark wasp stings you but does no damage.
Unknown command.
Unknown command.
Okay, then.
Blink to where?
Press: ? - help, Dir - move target
Found a short sword.
As you read the scroll of blinking, it crumbles to dust.
You feel like a meek peon again.
The spark wasp bursts into living lightning!
The living lightning misses you.
The spark wasp blinks!
The spark wasp stings you but does no damage.
You block the spark wasp's attack. The spark wasp stings you!
You die...

###........^.. #####.....†.##
.... .#...........# ...##.
.............###..... ..#
.............# ..... ..^
>......[<....# ...# ...#
.............###..# ...##
.#....#...#..#....# #....#
##^.....###.....@###)...##....:.
###.#.^##.....y.#......#.......
###.[###.....y#.....##.......
##....###..........##.......#
##..........#....y.##........#
##...................#.#......#
##..............................
#...........)........§..§.......
....[.................>..^...###


You could see 2 spark wasps.

Vanquished Creatures
  Kirke (Lair:2)
  A frost giant (D:15)
  An emperor scorpion (Spider:1)
  Azrael (D:14)
  A spark wasp (Spider:1)
  2 ettins
  The ghost of ozzols the Severer, a journeyman MiBe of Trog (D:10)
  Fannar (Lair:3)
  A rakshasa (D:15)
  4 vault guards
  8 hydras
  A demonspawn (Orc:2)
  An anaconda (shapeshifter) (D:15)
  A centaur warrior (D:12)
  7 two-headed ogres
  4 tengu warriors
  16 dancing weapons
  7 orc high priests
  Sonja (D:10)
  A soul eater (Orc:2)
  Nergalle (Lair:2)
  7 deep elf knights
  Amaemon (D:10)
  11 skeletal warriors
  2 steelbarb worms
  A pharaoh ant (Lair:2)
  An orb spider (Spider:1)
  10 deep elf archers
  A mana viper (shapeshifter) (D:14)
  14 deep elf zephyrmancers
  5 orc knights
  9 orc sorcerers
  29 deep elf pyromancers
  11 ugly things
  3 oklob plants (Lair:4)
  3 wolf spiders
  7 slime creatures
  2 cyclopes
  2 spectral centaurs (D:10)
  2 manticores
  12 elephants
  12 black mambas
  3 ice statues (IceCv)
  A centaur zombie (D:10)
  A guardian serpent (Lair:5)
  12 cane toads
  2 unseen horrors
  An orange demon (D:10)
  An efreet (D:15)
  A freezing wraith (D:14)
  A rime drake (Lair:2)
  A yaktaur (shapeshifter) (Elf:1)
  2 tengu conjurers
  7 komodo dragons
  A hellwing (Orc:2)
  3 yaktaurs (D:15)
  An ice devil (Orc:2)
  The ghost of engelados the Magician, a novice DECj of Vehumet (D:5)
  11 polar bears
  3 meliai
  7 trolls
  2 hornets (Lair:5)
  Prince Ribbit (D:6)
  A tarantella (Lair:2)
  A raiju (Lair:5)
  13 blink frogs
  12 dream sheep
  Sigmund (D:2)
  3 centaur simulacra (D:10)
  11 jumping spiders
  A spriggan (shapeshifter) (D:12)
  5 culicivoras
  2 shadows (D:12)
  A wyvern (shapeshifter) (D:15)
  3 water elementals
  32 yaks
  2 vampires (D:11)
  4 wraiths
  A dire elephant simulacrum (IceCv)
  13 wyverns
  8 basilisks
  4 fire elementals
  2 hogs (Lair:2)
  2 humans (Lair:2)
  14 redbacks
  2 steam dragons
  10 wargs
  2 acid dragons
  15 water moccasins
  19 hell hounds
  A hydra simulacrum (IceCv)
  37 orc warriors
  A sky beast (D:7)
  12 black bears
  9 ogres
  32 wolves
  10 centaurs
  3 kobold brigands
  18 bullfrogs
  A wyvern zombie (D:5)
  2 cane toad simulacra (IceCv)
  4 earth elementals
  3 scorpions
  4 necrophages
  15 wights
  4 jellies
  A wyvern skeleton (D:5)
  5 killer bees (D:8)
  2 elephant simulacra (IceCv)
  5 howler monkeys
  An electric eel (Lair:4)
  2 bullfrog zombies (D:5)
  3 hounds
  Crazy Yiuf (D:7)
  3 gnoll boudas
  20 orc priests
  4 iguanas
  16 orc wizards
  Natasha (thrice) (D:2)
  7 hell rats (Lair:5)
  3 wolf simulacra (IceCv)
  14 adders
  9 gnolls
  A shadow imp (D:7)
  2 white imps (D:5)
  3 ufetubi
  3 dart slugs
  75 orcs
  7 bats
  15 endoplasms
  14 giant cockroaches
  6 goblins
  8 hobgoblins
  9 jackals
  11 quokkas
  15 ball pythons
  13 frilled lizards
  19 kobolds
  2 rats
912 creatures vanquished.

Vanquished Creatures (others)
  3 deep elf knights
  A deep elf pyromancer (Elf:1)
  A culicivora (Spider:1)
  An acid dragon (D:14)
  An orc (D:15)
  52 fungi
  82 plants
141 creatures vanquished.

Grand Total: 1053 creatures vanquished

Notes
Turn   | Place    | Note
-------+----------+-------------------------------------------
     0 | D:1      | Peloso the Minotaur Fighter began the quest for the Orb.
     0 | D:1      | Reached XP level 1. HP: 19/19 MP: 0/0
   233 | D:1      | Reached XP level 2. HP: 21/27 MP: 1/1
   457 | D:1      | Reached skill level 3 in Long Blades
   760 | D:1      | Reached XP level 3. HP: 33/33 MP: 2/2
  1998 | D:2      | Noticed Sigmund
  2003 | D:2      | Killed Sigmund
  2004 | D:2      | Reached skill level 5 in Long Blades
  2004 | D:2      | Reached XP level 4. HP: 38/41 MP: 3/3
  2004 | D:2      | Reached XP level 5. HP: 44/47 MP: 4/4
  2040 | D:2      | Noticed Natasha
  2049 | D:2      | Killed Natasha
  2180 | D:2      | Noticed Natasha
  2187 | D:2      | Killed Natasha
  2188 | D:2      | Reached XP level 6. HP: 53/53 MP: 5/5
  2241 | D:2      | Noticed Natasha
  2247 | D:2      | Killed Natasha
  2442 | D:3      | Reached skill level 5 in Armour
  2471 | D:3      | Found a glowing drain.
  2478 | D:3      | Reached skill level 5 in Fighting
  2489 | Sewer    | Entered a sewer
  2784 | Sewer    | Reached skill level 6 in Long Blades
  3587 | D:4      | Reached XP level 7. HP: 55/61 MP: 6/6
  3697 | D:4      | Found a broken altar of Ashenzari.
  3707 | D:4      | You fall into a shaft and drop 1 floor!
  3707 | D:5      | Entered Level 5 of the Dungeon
  3822 | D:5      | Reached skill level 1 in Dodging
  3853 | D:5      | Reached skill level 5 in Shields
  3856 | D:5      | Noticed engelados's ghost (novice DECj)
  3861 | D:5      | Reached skill level 7 in Long Blades
  4129 | D:5      | Found a transporter.
  4134 | D:5      | Found a transporter.
  4155 | D:5      | Found a blossoming altar of Fedhas.
  4474 | D:5      | Noticed a wraith
  4495 | D:5      | Reached skill level 8 in Long Blades
  4495 | D:5      | Reached XP level 8. HP: 70/70 MP: 7/7
  4687 | D:4      | Found a glowing golden altar of the Shining One.
  4712 | D:4      | Found a staircase to the Ecumenical Temple.
  4763 | Temple   | Entered the Ecumenical Temple
  4772 | Temple   | Became a worshipper of Warmaster Okawaru
  5304 | D:4      | Reached skill level 9 in Long Blades
  5703 | D:6      | Noticed Prince Ribbit
  5723 | D:6      | Killed Prince Ribbit
  5723 | D:6      | Reached * piety under Okawaru
  5724 | D:6      | Reached XP level 9. HP: 51/80 MP: 8/8
  5907 | D:6      | Reached skill level 10 in Long Blades
  6878 | D:7      | Found a shadowy altar of Dithmenos.
  7067 | D:7      | Reached skill level 11 in Long Blades
  7148 | D:7      | Reached ** piety under Okawaru
  7864 | D:7      | Found a runed translucent door.
  7865 | D:7      | Noticed Crazy Yiuf
  7875 | D:7      | Killed Crazy Yiuf
  8219 | D:8      | Reached skill level 1 in Stealth
  8244 | D:8      | Found a staircase to the Lair.
  8331 | D:8      | Reached XP level 10. HP: 62/91 MP: 9/9
  8377 | D:8      | Reached *** piety under Okawaru
  8710 | D:8      | Reached skill level 12 in Long Blades
 10125 | D:9      | Noticed a two-headed ogre
 10135 | D:9      | Killed a two-headed ogre
 10384 | D:9      | Reached **** piety under Okawaru
 10656 | D:9      | Reached skill level 13 in Long Blades
 11197 | D:10     | Entered Level 10 of the Dungeon
 11297 | D:10     | Noticed Sonja
 11303 | D:10     | Killed Sonja
 11439 | D:10     | Found a runed translucent gate.
 11454 | D:10     | Found a runed translucent gate.
 11454 | D:10     | Found a runed translucent gate.
 11455 | D:10     | Noticed a spectral centaur warrior
 11456 | D:10     | Noticed a spectral centaur warrior
 11458 | D:10     | Noticed ozzols's ghost (journeyman MiBe)
 11491 | D:10     | Reached XP level 11. HP: 84/99 MP: 10/10
 11681 | D:10     | Reached skill level 10 in Fighting
 11828 | D:10     | Found Buusch's Book Emporium.
 11919 | D:10     | Noticed Amaemon
 11942 | D:10     | Killed Amaemon
 12271 | D:10     | Reached skill level 10 in Armour
 12684 | D:11     | Reached ***** piety under Okawaru
 12903 | D:11     | Noticed a seven-headed hydra
 12922 | D:11     | Killed a seven-headed hydra
 12922 | D:11     | Identified the +0 demon blade "Gibraet" {pain, rF+ Int-4
                  | Dex+2 Stlth+} (Okawaru gifted it to you on level 11 of the
                  | Dungeon)
 12922 | D:11     | Received a gift from Okawaru
 12923 | D:11     | Reached skill level 14 in Long Blades
 13626 | D:11     | Noticed a two-headed ogre
 13634 | D:11     | Killed a two-headed ogre
 13635 | D:11     | Reached skill level 1 in Polearms
 13777 | D:11     | Noticed a two-headed ogre
 13785 | D:11     | Killed a two-headed ogre
 13927 | D:11     | Found Woggob's General Store.
 13934 | D:11     | Identified the +2 scale mail "Dofemoaj" {rC+ Will+ Stlth+}
 14427 | Lair:1   | Entered Level 1 of the Lair of Beasts
 15824 | Lair:1   | Identified a scroll of acquirement
 15903 | Lair:2   | Reached XP level 12. HP: 94/110 MP: 11/11
 15965 | Lair:2   | Found a frozen archway.
 15979 | IceCv    | Entered an ice cave
 16146 | IceCv    | Identified the +8 rapier of an ossuary {antimagic, Drain
                  | rC+ Int+5 SInv}
 16589 | IceCv    | Received a gift from Okawaru
 16878 | IceCv    | Reached skill level 15 in Long Blades
 16892 | IceCv    | Reached skill level 1 in Invocations
 17302 | Lair:2   | Found a hole to the Spider Nest.
 17476 | Lair:2   | Identified the +1 pair of boots "Canysat" {rF+ rC- rN+
                  | rCorr}
 18854 | D:12     | Noticed a two-headed ogre
 18859 | D:12     | Reached skill level 10 in Shields
 18879 | D:12     | Killed a two-headed ogre
 18880 | D:12     | Reached skill level 5 in Dodging
 19095 | D:12     | Noticed a two-headed ogre
 19108 | D:12     | Killed a two-headed ogre
 19652 | D:12     | Found a staircase to the Orcish Mines.
 20471 | Orc:1    | Entered Level 1 of the Orcish Mines
 20640 | Orc:1    | Noticed an orc high priest
 20829 | Orc:1    | Noticed an ettin
 20836 | D:12     | Killed an orc high priest
 21001 | D:11     | Reached XP level 13. HP: 60/119 MP: 12/12
 21233 | D:12     | Killed an ettin
 21701 | Orc:1    | Reached ****** piety under Okawaru
 22231 | Orc:2    | Entered Level 2 of the Orcish Mines
 22413 | Orc:2    | Identified the +2 plate armour "Sailuaz" {Will+} (Okawaru
                  | gifted it to you on level 2 of the Orcish Mines)
 22413 | Orc:2    | Received a gift from Okawaru
 22543 | Orc:2    | Found Veotykaa's General Store.
 22770 | Orc:2    | Found Pompoeze's General Store.
 22963 | Orc:2    | Reached skill level 16 in Long Blades
 23556 | Orc:2    | Found a staircase to the Elven Halls.
 23571 | Orc:2    | Noticed an ettin
 23586 | Orc:2    | Killed an ettin
 24762 | Orc:2    | Found Zifukh's Jewellery Boutique.
 24762 | Orc:2    | Found a one-way gate leading to the halls of Pandemonium.
 24762 | Orc:2    | Found Dyfuckif's Antique Weapon Shop.
 25088 | D:13     | Found a gate to the Vaults.
 25121 | D:12     | Identified the +2 scale mail "Naaruxy" {Fly SInv} (Okawaru
                  | gifted it to you on level 12 of the Dungeon)
 25121 | D:12     | Received a gift from Okawaru
 25623 | D:12     | Reached XP level 14. HP: 127/132 MP: 12/14
 25774 | D:13     | Reached skill level 17 in Long Blades
 25910 | D:13     | HP: 5/132 [skeletal warrior/+0 long sword (15)]
 26724 | D:13     | Identified the +11 spear of Zyrik {vorpal, rCorr Str-2
                  | Dex+4 Stlth+}
 27145 | Lair:3   | Noticed Kirke
 27145 | Lair:3   | Noticed Nergalle
 27433 | Lair:2   | Killed Kirke
 27524 | Lair:3   | Noticed Fannar
 27784 | Lair:2   | Killed Nergalle
 27821 | Lair:3   | Killed Fannar
 27923 | Lair:3   | Found a staircase to the Shoals.
 28715 | Lair:3   | Received a gift from Okawaru
 28715 | Lair:3   | Found the +3 pair of seven-league boots {Rampage+∞}
 29527 | Lair:4   | Found a viscous altar of Jiyva.
 29529 | Lair:4   | Found a staircase to the Slime Pits.
 29890 | Lair:4   | Reached skill level 15 in Armour
 30178 | Lair:4   | Reached skill level 18 in Long Blades
 30309 | Lair:4   | Reached skill level 15 in Fighting
 30939 | Lair:5   | Entered Level 5 of the Lair of Beasts
 32281 | Lair:5   | Reached XP level 15. HP: 120/141 MP: 16/16
 32802 | Lair:5   | Received a gift from Okawaru
 35366 | D:14     | Noticed Azrael
 35425 | D:14     | Killed Azrael
 36093 | D:15     | Entered Level 15 of the Dungeon
 36275 | D:10     | Killed ozzols's ghost
 36283 | D:10     | Identified the +3 crystal plate armour of Itorph {rN++
                  | Will+++ Dex-3 Stlth+} (Okawaru gifted it to you on level 10
                  | of the Dungeon)
 36283 | D:10     | Received a gift from Okawaru
 36635 | D:5      | Killed engelados's ghost
 37898 | D:15     | Reached skill level 19 in Long Blades
 38709 | D:15     | Found a portal to a secret trove of treasure.
 38988 | D:15     | Reached XP level 16. HP: 136/152 MP: 17/17
 38990 | D:15     | Found a staircase to the Depths.
 39308 | D:15     | Found a white marble altar of Elyvilon.
 40435 | Elf:1    | Entered Level 1 of the Elven Halls
 40923 | Elf:1    | Reached skill level 1 in Evocations
 41217 | Elf:1    | Reached skill level 15 in Shields
 41345 | Elf:1    | Found Tymaz's Magic Scroll Boutique.
 41567 | Elf:1    | Received a gift from Okawaru
 41874 | Elf:1    | HP: 3/155 [deep elf archer/arrow (10)]
 42959 | Elf:2    | Found Adurch's Book Shop.
 43395 | Elf:2    | Received a gift from Okawaru
 43653 | Elf:2    | Identified the +8 short sword of Heafosu {venom, Int+2}
 43678 | Elf:2    | Found Geuvad's Neck Hole.
 44068 | Elf:2    | Found a runed translucent gate.
 44069 | Elf:2    | Found a runed translucent gate.
 44069 | Elf:2    | Found a runed translucent gate.
 45173 | Spider:1 | Entered Level 1 of the Spider Nest
 47562 | Spider:1 | Reached XP level 17. HP: 98/163 MP: 18/18
 47567 | Spider:1 | Received a gift from Okawaru
 47825 | Spider:1 | HP: 8/163 [spark wasp (17)]
 47831 | Spider:1 | Slain by a spark wasp

Illustrated notes

Levels and vault maps discovered:
D:1:      beargit_arrival_diablo_church, layout_loops_corners, minmay_quantized
D:2:      layout_loops_corners, uniq_natasha, uniq_sigmund
D:3:      layout_loops_ring, cheibrodos_sewer_entry_drain
D:4:      layout_basic, jmf_multi_god_temple, minmay_temple_entry_trees
D:5:      minmay_chambers_of_fours, layout_rooms, fedhas_altar_2,
          gammafunk_ghost_mausoleum, hangedman_decor_peaks_small,
          nicolae_underground_beach
D:6:      layout_basic, nicolae_elevator_lobby_plus, uniq_prince_ribbit1
D:7:      layout_basic, nicolae_dithmenos_shadow_blocks, serial_curves,
          eino_curves_01, eino_curves_02, uniq_crazy_yiuf_cottage
D:8:      layout_cave_pods, lair_entry_dummy
D:9:      layout_cave_pods
D:10:     layout_irregular_city, serial_shops, shop, gammafunk_ghost_necromancy,
          uniq_sonja, uniq_amaemon
D:11:     nicolae_cairo_tiling_large_dashed, layout_basic, serial_shops,
          nicolae_shop_waterfront, minmay_misc_feat_x
D:12:     layout_irregular_city, orc_0_dummy
D:13:     layout_rooms, lightli_vaults_fourway_checkpoint
D:14:     layout_cave_pools, infiniplex_staircase_pool_1, uniq_azrael
D:15:     grunt_enter_depths_snipers, layout_basic, nicolae_trove_entry_columns,
          elyvilon_altar_1, minmay_puff
Temple:   mainiacjoe_temple_coin_purse
Lair:1:   layout_cave_pods
Lair:2:   layout_roguey, nicolae_spider_entry_tight_spaces,
          portal_ice_cave_entry_pillars_2
Lair:3:   layout_small_grid, minmay_shoals_entry_centaurs,
          chequers_serial_rivers_micro_b, beast_lair_carwin_4, uniq_fannar,
          uniq_kirke, uniq_nergalle
Lair:4:   layout_hall_layers, minmay_slime_entry_oklob_enclosed,
          infiniplex_staircase_pool_2, serial_bayou_shore_a
Lair:5:   hangedman_lair_tendril_chambers, layout_cave_pods,
          hangedman_lair_caniforms_friends, dreamdust_mushroom_princess
Spider:1: spiders_nest_a, nicolae_spider_bzzzt
Orc:1:    layout_caves
Orc:2:    pf_orc_diabolical, layout_caves
Elf:1:    layout_loops_ring, serial_shops, shop_fountains,
          hangedman_elven_crosses_minicolossus
Elf:2:    nicolae_elf_blades_crystal_corner, layout_gridlike, serial_shops,
          shop, nicolae_shop_sticking_my_neck_out

Skill      XL: |  1  2  3  4  5  6  7  8  9 10 11 12 13 14 15 16 |
---------------+-------------------------------------------------+-----
Long Blades    | 3 5 6 8 9 11 13 14 15 16 18 19 | 19.9
Fighting       | 4 5 6 7 9 11 12 14 15 16 18 | 18.1
Armour         | 4 5 6 7 9 11 12 14 15 16 18 | 18.2
Shields        | 4 5 6 7 9 10 11 12 14 16 | 16.3
Dodging        | 1 2 3 5 6 7 |  7.1
Stealth        | 1 2 3 |  3.5
Polearms       | 1 2 |  2.6
Invocations    | 1 2 3 |  3.0
Evocations     | 1 |  1.2
Unarmed Combat | |  0.1

Action                   |  1- 3 |  4- 6 |  7- 9 | 10-12 | 13-15 | 16-18 || total
-------------------------+-------+-------+-------+-------+-------+-------++-------
Melee: Long sword        |    79 |   158 |   342 |       |       |       ||   579
       Headbutt          |    15 |    27 |    76 |   165 |   564 |   159 ||  1006
       Scimitar          |       |       |    35 |   196 |   295 |   688 ||  1214
       Demon blade       |       |       |       |   478 |  1690 |       ||  2168
       Spear             |       |       |       |    15 |    53 |       ||    68
       Unarmed           |       |       |       |       |     6 |       ||     6
Invok: Heroism           |       |       |     2 |    11 |    26 |     5 ||    44
       Finesse           |       |       |       |       |     1 |       ||     1
Evoke: Wand              |       |       |       |     1 |     5 |     7 ||    13
  Use: Scroll            |       |     9 |     5 |    10 |     6 |     3 ||    33
       Potion            |       |     1 |       |     1 |     7 |     9 ||    18
 Stab: Paralysed         |       |       |       |     1 |       |       ||     1
       Sleeping          |       |       |       |     5 |       |       ||     5
       Distracted        |       |       |       |     1 |     1 |       ||     2
Armor: Scale mail        |    34 |       |       |   194 |    53 |       ||   281
       Chain mail        |     1 |   117 |   150 |       |       |       ||   268
       Plate armour      |       |       |    73 |   196 |  1069 |       ||  1338
       Crystal plate arm |       |       |       |       |   145 |   664 ||   809
Dodge: Dodged            |    41 |    84 |   105 |   299 |   864 |   227 ||  1620
Block: Buckler           |    22 |    47 |    93 |   228 |   588 |       ||   978
       Kite shield       |       |       |       |       |   215 |   506 ||   721
